 Dungeon Crawl Stone Soup version 0.27-a0-1325-g58a489ad9e (webtiles) character file.

Game seed: 17735037694513280977

9236 27snakeeyes612 the Fighter (level 11, -6/102 HPs)
             Began as a Minotaur Berserker on June 24, 2021.
             Was a High Priest of Trog.
             Mangled by Snorg (7 damage)
             ... on level 10 of the Dungeon.
             The game lasted 00:10:01 (10847 turns).

27snakeeyes612 the Fighter (Minotaur Berserker)    Turns: 10847, Time: 00:10:02

Health: -6/102     AC: 17    Str: 25    XL:     11   Next: 20%
Magic:  3/3        EV: 10    Int:  4    God:    Trog [*****.]
Gold:   241        SH:  0    Dex: 10    Spells: 10/10 levels left

rFire    + . .     SeeInvis .   A - +2 broad axe (antimagic)
rCold    x . .     Faith    .   (no shield)
rNeg     + . .     Spirit   .   t - +0 plate armour
rPois    .         Reflect  .   (helmet restricted)
rElec    .         Harm     .   J - +0 cloak
rCorr    .         Rampage  .   (no gloves)
Will     .....                  l - +0 pair of boots
Stlth    ..........             B - amulet of the acrobat
HPRegen  0.27/turn              p - ring of fire
MPRegen  0.08/turn              q - ring of positive energy

@: on berserk cooldown, slowed, very slow
A: horns 2, retaliatory headbutt
a: Renounce Religion, Berserk, Trog's Hand, Brothers in Arms


You were on level 10 of the Dungeon.
You worshipped Trog.
Trog was extremely pleased with you.
You visited 1 branch of the dungeon, and saw 10 of its levels.
You also visited: Sewer.

You collected 416 gold pieces.
You spent 175 gold pieces at shops.

Inventory:

Hand Weapons
 a - a +0 hand axe
 n - a +0 war axe
 r - a +2 vampiric whip
 A - a +2 antimagic broad axe (weapon)
 D - a +3 battleaxe of flaming
Missiles
 i - a curare-tipped dart
 C - a throwing net
 I - 2 boomerangs of dispersal
Armour
 b - a +0 animal skin
 c - a +1 scale mail
 l - a +0 pair of boots (worn)
 t - a +0 plate armour (worn)
 u - a +0 kite shield
 J - a +0 cloak (worn)
Jewellery
 p - a ring of fire (left hand)
 q - a ring of positive energy (right hand)
 B - an amulet of the acrobat (around neck)
 G - an amulet of magic regeneration
Wands
 z - a wand of paralysis (4) (quivered)
Scrolls
 d - 3 scrolls of noise
 f - a scroll of fear
 g - 3 scrolls of identify
 y - 2 scrolls of enchant armour
 E - a scroll of torment
 F - a scroll of amnesia
Potions
 e - 3 potions of magic
 h - 2 potions of degeneration
 j - a potion of resistance {unknown}
 k - 10 potions of curing
 m - a potion of ambrosia {unknown}
 o - a potion of berserk rage {unknown}
 s - 5 potions of heal wounds {unknown}
 v - a potion of brilliance {unknown}
 w - a potion of attraction {unknown}
 x - 2 potions of lignification
 H - a potion of haste


   Skills:
 + Level 11.1 Fighting
 + Level 11.0 Axes
 + Level 10.7 Armour
 + Level 9.9 Dodging


You had 10 spell levels left.
You didn't know any spells.
Your spell library was empty.

Dungeon Overview and Level Annotations

Branches:
Dungeon (10/15)            Temple (0/1) D:4           Sewer (visited)
   Lair: D:8-11         Orc: D:9-12

Altars:
Cheibriados
Dithmenos
Fedhas
Gozag
Yredelemnul
The Shining One

Shops:
D:1 ((   D:2 (   D:3 =!   D:6 (**[**

Annotations:
D:10 Psyche, Snorg


Innate Abilities, Weirdness & Mutations

You have a pair of horns on your head.
You reflexively headbutt those who attack you in melee.


Message History

Snorg claws you. x2
Psyche laughs secretively.
Psyche mumbles some strange words.
Psyche flickers and vanishes!
Deactivating autopickup; reactivate with Ctrl-A.
Snorg barely misses you. Snorg claws you but does no damage. x2
You closely miss Snorg.
Snorg is lightly wounded.
Snorg closely misses you. Snorg claws you! Snorg claws you.
You barely miss Snorg.
Snorg is lightly wounded.
Snorg bites you but does no damage. Snorg misses you. Snorg barely misses you.
You completely miss Snorg.
Snorg is lightly wounded.
You miss something. Snorg closely misses you.
Snorg claws you but does no damage. x2; Something hits you but does no damage.
You blink.
You feel a strong urge to attack something.
You are no longer berserk.
You are exhausted.
You feel yourself slow down.
You hear a shout!
You hear a shout!
You hear a shout!
You fail to use your ability.
Snorg bites you!! Snorg claws you. Snorg completely misses you.
Snorg closely misses you. Snorg claws you but does no damage.
Snorg barely misses you. Snorg bites you but does no damage. Snorg claws you!
Snorg misses you.
You fail to use your ability.
Snorg barely misses you.
Snorg claws you but does no damage. x2; Snorg bites you.
Snorg claws you but does no damage. Snorg claws you!
* * * LOW HITPOINT WARNING * * *
You fail to use your ability.
Snorg bites you.
* * * LOW HITPOINT WARNING * * *
Snorg claws you but does no damage. Snorg claws you!
* * * LOW HITPOINT WARNING * * *
Something hits you but does no damage. Space warps horribly around you!
* * * LOW HITPOINT WARNING * * *
Snorg closely misses you. Snorg claws you!
You die...

#.#...####
#.#......
#....... #......#
#.##...# #.##...#
##.#######.##...#
................#
#.####.@######..#
#.T# #..#
##.####..####
#<.#
............#
#..#
#######.###T#
#.... #.# #.#
##....# #.# #.#
####.# #.# #.# .#
#.# #T# #


You could see Snorg (berserk).

Vanquished Creatures
  3 two-headed ogres (D:9)
  2 kobold demonologists
  A troll (D:9)
  2 wyverns (D:9)
  3 yaks (D:9)
  2 steam dragons
  2 water moccasins
  A hornet zombie (D:7)
  5 black bears
  2 orc warriors
  A sky beast (D:6)
  A necrophage (D:6)
  A centaur (D:7)
  6 ogres (D:6)
  7 kobold brigands
  3 bullfrogs
  2 gnoll sergeants (D:6)
  A scorpion (D:5)
  A wyvern zombie (D:8)
  A water moccasin skeleton (D:5)
  3 killer bees (D:9)
  4 wights (D:6)
  10 howler monkeys (D:6)
  A bullfrog zombie (D:7)
  A centaur zombie (D:7)
  A bullfrog skeleton (D:7)
  5 orc priests
  12 hounds
  A jelly (D:7)
  7 gnoll shamans
  A centaur skeleton (D:6)
  A scorpion zombie (D:5)
  An iguana (D:6)
  11 orc wizards
  2 hound skeletons
  2 howler monkey zombies
  7 adders
  28 gnolls
  A howler monkey skeleton (D:3)
  2 white imps
  An ufetubus (D:4)
  A worm (D:2)
  34 orcs
  7 bats
  4 endoplasms
  3 giant cockroaches
  8 goblins
  6 hobgoblins
  12 jackals
  4 quokkas
  4 ball pythons
  4 frilled lizards
  17 kobolds
  2 rats
255 creatures vanquished.

Vanquished Creatures (collateral kills)
  A boulder beetle (D:7)
  An orc warrior (D:6)
2 creatures vanquished.

Vanquished Creatures (others)
  A fungus (D:6)
  8 plants (D:6)
9 creatures vanquished.

Grand Total: 266 creatures vanquished

Notes
Turn   | Place    | Note
-------+----------+-------------------------------------------
     0 | D:1      | 27snakeeyes612 the Minotaur Berserker began the quest for
                  | the Orb.
     0 | D:1      | Reached XP level 1. HP: 19/19 MP: 0/0
   312 | D:1      | Found Saenis's Weapon Shop.
   355 | D:1      | Reached XP level 2. HP: 27/27 MP: 1/1
   694 | D:1      | Found Kyruin's Antique Weapon Shoppe.
   796 | D:1      | You fall into a shaft and drop 1 floor!
   796 | D:2      | Found Hobopn's Antique Weapon Shoppe.
   880 | D:2      | Reached XP level 3. HP: 26/33 MP: 2/2
   983 | D:2      | Reached ** piety under Trog
   986 | D:2      | Reached XP level 4. HP: 41/41 MP: 3/3
  1795 | D:2      | Found a faded altar of an unknown god.
  2198 | D:3      | Found Hilisoim's Distillery.
  2222 | D:3      | Reached XP level 5. HP: 39/47 MP: 4/4
  2389 | D:3      | Found Jiblam's Jewellery Shoppe.
  2478 | D:3      | Reached skill level 5 in Axes
  2554 | D:3      | Reached skill level 5 in Fighting
  2604 | D:3      | Reached *** piety under Trog
  3009 | D:4      | Noticed a black bear
  3035 | D:4      | Killed a black bear
  3036 | D:4      | Reached XP level 6. HP: 56/56 MP: 5/5
  3127 | D:4      | Found a staircase to the Ecumenical Temple.
  3198 | D:4      | Reached XP level 7. HP: 27/62 MP: 6/6
  3344 | D:4      | Found a glowing drain.
  3363 | Sewer    | Entered a sewer
  3428 | Sewer    | Reached skill level 5 in Armour
  3751 | Sewer    | Reached skill level 5 in Dodging
  3842 | D:4      | Identified the +5 falchion "Doskaesch" {vamp, +Rage Dex+2
                  | SInv}
  4140 | D:5      | Entered Level 5 of the Dungeon
  4140 | D:5      | Noticed a steam dragon
  4145 | D:5      | Killed a steam dragon
  4202 | D:5      | Reached XP level 8. HP: 71/71 MP: 7/7
  4288 | D:5      | Reached **** piety under Trog
  4544 | D:5      | You fall into a shaft and drop 1 floor!
  5163 | D:6      | Reached XP level 9. HP: 40/81 MP: 8/8
  5451 | D:6      | Noticed a kobold demonologist
  5461 | D:6      | Noticed a sun demon
  5461 | D:6      | Killed a kobold demonologist
  5463 | D:6      | Reached ***** piety under Trog
  5471 | D:6      | Identified the +11 rapier of the Ghost {venom, Int+4}
  5891 | D:6      | Found Fuh Perim's Neck Hole.
  5914 | D:6      | Found Foeshryu's Antique Armour Shoppe.
  5961 | D:6      | Found Ocomir's Assorted Antiques.
  6062 | D:2      | Bought a glowing broad axe for 175 gold pieces
  6229 | D:6      | Found Zifuar's Assorted Antiques.
  6311 | D:6      | Found a snail-covered altar of Cheibriados.
  6347 | D:6      | Found Boosock's Antique Weapon Emporium.
  6357 | D:6      | Reached XP level 10. HP: 88/91 MP: 3/9
  7285 | D:6      | Found Bumn's General Store.
  7335 | D:6      | Found a blossoming altar of Fedhas.
  7434 | D:7      | Received a gift from Trog
  8032 | D:7      | Noticed a boulder beetle
  8044 | D:7      | Killed a boulder beetle
  8045 | D:7      | Reached skill level 10 in Fighting
  8045 | D:7      | Reached skill level 10 in Axes
  8790 | D:8      | Found an opulent altar of Gozag.
  9138 | D:8      | Found a shadowy altar of Dithmenos.
  9138 | D:8      | Found a glowing golden altar of the Shining One.
  9162 | D:8      | Found a basalt altar of Yredelemnul.
  9478 | D:9      | Reached skill level 10 in Armour
  9567 | D:9      | Noticed a two-headed ogre
  9576 | D:9      | Killed a two-headed ogre
 10045 | D:9      | Noticed a two-headed ogre
 10057 | D:9      | Killed a two-headed ogre
 10058 | D:9      | Reached XP level 11. HP: 76/101 MP: 3/10
 10290 | D:9      | Noticed a sixfirhy
 10465 | D:9      | Noticed a two-headed ogre
 10479 | D:9      | Killed a two-headed ogre
 10800 | D:10     | Entered Level 10 of the Dungeon
 10830 | D:10     | Noticed Snorg
 10831 | D:10     | Noticed Psyche
 10847 | D:10     | HP: 1/102 [something (8)]
 10847 | D:10     | Mangled by Snorg

Illustrated notes

Levels and vault maps discovered:
D:1:      zelgadis_glass_arrival_small, layout_loops_ring, serial_shops,
          nicolae_shop_temple_entry_statues_fountains, nicolae_shop_trees
D:2:      layout_rooms, chequers_ecumenical_altar_island, serial_shops,
          nicolae_diamond_shop
D:3:      layout_basic, serial_shops, shop, nicolae_shop_behind_doors
D:4:      layout_rooms, minmay_temple_entry_hall, portal_sewer_entry_d,
          minmay_stone_trees_small
D:5:      cheibrodos_helix_gallery, layout_rooms, serial_curves, eino_curves_02,
          eino_curves_04, kennysheep_minor_cross
D:6:      lemuel_castle_with_subvaults [lemuel_castle_interior_carwin_2],
          layout_basic, lemuel_tele_altar, fedhas_altar_4, serial_shops, shop,
          shop, nicolae_square_shop, kennysheep_mini, shop,
          nicolae_shop_sticking_my_neck_out
D:7:      layout_loops_ring
D:8:      layout_basic, nicolae_overflow_hidden_temple,
          lemuel_coloured_pillars_altar, gammafunk_temple_overflow_wave
D:9:      layout_roguey
D:10:     layout_loops_ring, uniq_nergalle, uniq_psyche, uniq_snorg

Skill      XL: |  1  2  3  4  5  6  7  8  9 10 11 |
---------------+----------------------------------+-----
Axes           | 4 5 6 8 9 10 11 | 11.0
Fighting       | 4 5 6 8 9 10 11 | 11.1
Armour         | 3 4 6 7 8 10 | 10.7
Dodging        | 3 4 5 6 8 9 |  9.9

Action                   |  1- 3 |  4- 6 |  7- 9 | 10-12 || total
-------------------------+-------+-------+-------+-------++-------
Melee: Hand axe          |    60 |    27 |       |       ||    87
       Headbutt          |     7 |    24 |    52 |    38 ||   121
       War axe           |       |   107 |   201 |       ||   308
       Broad axe         |       |       |    41 |   194 ||   235
Invok: Berserk           |     1 |     2 |     9 |     4 ||    16
       Trog's Hand       |       |       |     2 |       ||     2
       Brothers in Arms  |       |       |     1 |     1 ||     2
Evoke: Wand              |       |       |       |     2 ||     2
  Use: Scroll            |       |     7 |     4 |     2 ||    13
       Potion            |       |       |     2 |       ||     2
Armor: Scale mail        |    26 |    79 |    83 |       ||   188
       Plate armour      |       |       |    39 |   116 ||   155
       Skin              |       |       |     1 |       ||     1
Dodge: Dodged            |    37 |    85 |   144 |   143 ||   409

Table legend: (Time is in decaauts)
 A = Elapsed time spent in this place.
 B = Non-inter-level travel time spent in this place.
 C = Inter-level travel time spent in this place.
 D = Time resting spent in this place.
 E = Time spent auto-exploring this place.
 F = Levels seen in this place.
 G = Mean time per level.
                   A        B        C        D        E       F      G
               +--------+--------+--------+--------+--------+-----+--------+
         Total |  11095 |  10705 |    390 |   1987 |   7024 |  11 | 1008.6 |
       Dungeon |  10637 |  10247 |    390 |   1718 |   6891 |  10 | 1063.7 |
         Sewer |    458 |    458 |      0 |    269 |    133 |   1 |  458.0 |
               +--------+--------+--------+--------+--------+-----+--------+

Top non-repeatable levels by time:
     D:6: 2800 daAuts
     D:9: 1608 daAuts
     D:1: 1132 daAuts
     D:7: 978 daAuts
     D:4: 959 daAuts
     D:3: 948 daAuts
     D:2: 928 daAuts
     D:8: 830 daAuts
   Sewer: 458 daAuts
     D:5: 402 daAuts
    D:10: 48 daAuts
